 Dungeon Crawl Stone Soup version 0.29.1-12-g30fa7ad0bf (webtiles) character file.

Game seed: 4565630682911279386

51 xian the Chopper (level 3, -6/33 HPs)
             Began as a Hill Orc Monk on Dec 21, 2022.
             Was an Initiate of Gozag.
             Mangled by Sigmund
             ... wielding a +4 scythe of protection
              (11 damage)
             ... on level 2 of the Dungeon.
             The game lasted 00:03:57 (1463 turns).

xian the Chopper (Hill Orc Monk)                    Turns: 1463, Time: 00:03:57

Health: -6/33      AC:  9    Str: 15    XL:     3   Next: 81%
Magic:  3/3        EV:  7    Int: 10    God:    Gozag
Gold:   202        SH:  0    Dex: 13    Spells: 2/2 levels left

rFire   + . .      SeeInvis .   l - +1 dagger (elec)
rCold   + . .      Faith    .   (no shield)
rNeg    . . .      Spirit   .   g - +0 chain mail
rPois   +          Reflect  .   (no helmet)
rElec   +          Harm     .   j - +0 cloak
rCorr   +          Rampage  .   (no gloves)
Will    .....                   (no boots)
Stlth   ..........              (no amulet)
HPRegen 0.11/turn               b - ring of flight
MPRegen 0.08/turn               (no ring)

@: resistant, attractive, flying, hasted, very quick
A: no striking features
a: Renounce Religion, Potion Petition, Call Merchant, Bribe Branch


You were on level 2 of the Dungeon.
You worshipped Gozag.
Gozag was aware of your devotion.
You visited 1 branch of the dungeon, and saw 2 of its levels.

You collected 202 gold pieces.

Inventory:

Hand Weapons
 i - a +1 sling of flaming
 l - a +1 dagger of electrocution (weapon)
Missiles
 f - 14 stones (quivered)
Armour
 g - a +0 chain mail (worn)
 j - a +0 cloak (worn)
Jewellery
 b - a ring of flight (left hand)
Scrolls
 e - 5 scrolls of identify {unknown}
Potions
 c - a potion of ambrosia


   Skills:
 + Level 4.0 Fighting
 + Level 4.4 Axes
 + Level 1.7 Ranged Weapons
 + Level 0.2 Armour
 + Level 2.7 Dodging
 + Level 1.6 Stealth


You had 2 spell levels left.
You didn't know any spells.
Your spell library contained the following spells:

 Spells                   Type           Power      Damage    Failure   Level
 Summon Small Mammal      Summ           0%         N/A       100%        1
 Call Canine Familiar     Summ           0%         N/A       100%        3
 Summon Guardian Golem    Hex/Summ       0%         N/A       100%        3


Dungeon Overview and Level Annotations

Branches:
Dungeon (2/15)

Altars:
Gozag

Shops:
D:1 [

Annotations:
D:2 Sigmund


Message History

You bump into the rock wall.
You feel less invigorated.
Unknown command.
You hit something but do no damage. Something hits you but does no damage.
Unknown command.
You bump into the rock wall.
Something hits you but does no damage.
Unknown command.
You bump into the rock wall.
Unknown command.
Something hits you!
* * * LOW HITPOINT WARNING * * *
Unknown command.
You bump into the rock wall.
You hear some strange, mumbled words.
Something tries to affect you, but you resist.
Unknown command.
You are too injured to fight recklessly!
It was a potion of haste.
You feel yourself speed up. Something hits you but does no damage.
It was a potion of attraction.
You feel attractive to monsters. Something is attracted toward you.
It was a potion of resistance.
You feel protected.
You feel less confused.
Unknown command.
Something hits you but does no damage.
You hit something.
Unknown command.
You miss something. Something completely misses you.
Unknown command.
You closely miss something.
Unknown command.
You hit something but do no damage.
You hear some strange, mumbled words.
Something tries to affect you, but you resist.
Unknown command.
You hit something but do no damage.
Unknown command.
You closely miss something. Something hits you!
You die...
Your body crumbles into a pile of gold.

#....# ######
##### #...####
##.....######
#.###.#....#######
#.# #.............
#.######.##.######
#@...# #.##.......
####.# #.#########
?# #.# # @# #.# ..
#.# #. #.# .##.#
.#


There were no monsters in sight!

Vanquished Creatures
  2 adders (D:2)
  3 bats
  2 endoplasms (D:1)
  A giant cockroach (D:2)
  6 goblins
  2 hobgoblins
  2 jackals (D:1)
  2 quokkas (D:2)
  5 ball pythons
  2 frilled lizards
  2 kobolds
  2 rats (D:1)
31 creatures vanquished.

Vanquished Creatures (others)
  A rat (D:1)
1 creature vanquished.

Grand Total: 32 creatures vanquished

Notes
Turn   | Place    | Note
-------+----------+-------------------------------------------
     0 | D:1      | xian the Hill Orc Monk began the quest for the Orb.
     0 | D:1      | Reached XP level 1. HP: 19/19 MP: 1/1
   269 | D:1      | Reached XP level 2. HP: 26/27 MP: 2/2
   295 | D:1      | Found a faded altar of an unknown god.
   349 | D:1      | Found Juot's Antique Armour Shoppe.
   754 | D:2      | Found an opulent altar of Gozag.
   771 | D:2      | Became a worshipper of Gozag Ym Sagoz the Greedy
   875 | D:2      | Reached skill level 1 in Ranged Weapons
   875 | D:2      | Reached XP level 3. HP: 17/33 MP: 3/3
  1426 | D:2      | Noticed Sigmund
  1463 | D:2      | Mangled by Sigmund

Illustrated notes

Levels and vault maps discovered:
D:1:      kennysheep_arrival_forest, layout_rooms,
          hellmonk_ecumenical_altar_leap_of_faith, serial_shops, shop,
          chequers_serial_rivers_room_b, minmay_misc_feat_columns, minivault_25,
          lemuel_flame_loot_1
D:2:      layout_rooms, basic_altar, uniq_sigmund

Skill      XL: |  1  2 |
---------------+-------+-----
Fighting       | 4 |  4.0
Ranged Weapons | 1 |  1.7
Axes           | |  4.4
Armour         | |  0.2
Dodging        | |  2.7
Stealth        | |  1.6

Action                   || total
-------------------------++-------
Melee: Hand axe          ||    26
       Dagger            ||    13
 Fire: Sling             ||    79
  Use: Potion            ||     4
Armor: Chain mail        ||    61
       Robe              ||     1
Dodge: Dodged            ||    46
